 Dungeon Crawl Stone Soup version 0.20.1-1-g8b1a95d (webtiles) character file.

49 vatarom the Skirmisher (level 3, -3/29 HPs)
             Began as a Demonspawn Abyssal Knight on Sept 26, 2017.
             Was a Believer of Lugonu.
             Slain by a worm (8 damage)
             ... on level 2 of the Dungeon.
             The game lasted 00:03:02 (1371 turns).

vatarom the Skirmisher (Demonspawn Abyssal Knight)  Turns: 1371, Time: 00:03:03

Health: -3/29      AC:  4    Str: 12    XL:     3   Next: 53%
Magic:  5/5        EV: 11    Int: 13    God:    Lugonu [**....]
Gold:   121        SH:  0    Dex: 13    Spells: 2/2 levels left

rFire    . . .     SeeInvis .   a - +1 falchion
rCold    . . .     Gourm    .   (no shield)
rNeg     . . .     Faith    .   b - +0 leather armour
rPois    .         Spirit   .   k - +0 helmet
rElec    .         Reflect  .   (no cloak)
rCorr    .         Harm     .   (no gloves)
MR       .....                  (no boots)
Stlth    +.........             (no amulet)
Regen    0.1/turn               e - ring of flight
MPRegen  0.1/turn               (no ring)

@: no status effects
A: claws 1, powered by pain 1
a: Depart the Abyss, Bend Space, Renounce Religion, Evoke Flight


You were on level 2 of the Dungeon.
You worshipped Lugonu.
Lugonu was pleased with you.
You were not hungry.

You visited 1 branch of the dungeon, and saw 2 of its levels.
You visited the Abyss 1 time.

You collected 121 gold pieces.

Inventory:

Hand Weapons
 a - a +1 falchion (weapon)
Armour
 b - a +0 leather armour (worn)
 k - a +0 helmet (worn)
Jewellery
 e - a ring of flight (left claw)
Scrolls
 i - a scroll of recharging
 j - 2 scrolls of teleportation
 l - 2 scrolls of identify
Comestibles
 c - 2 bread rations
 f - 3 fruits
 g - a meat ration


   Skills:
 + Level 3.6 Fighting
 * Level 2.2 Long Blades
 - Level 1.7 Armour
 + Level 1.6 Dodging
 + Level 3.0 Invocations


You had 2 spell levels left.
You didn't know any spells.

Dungeon Overview and Level Annotations

Branches:
Dungeon (2/15)

Altars:
Elyvilon
Makhleb
Nemelex Xobeh
Sif Muna


Innate Abilities, Weirdness & Mutations

You have sharp fingernails.
You sometimes gain a little power by taking damage.


Message History

You are too injured to fight recklessly!
You are too injured to fight recklessly!
You aren't carrying any potions.
You aren't carrying any items that you can evoke.
You barely miss the worm.
The worm is heavily wounded.
You hit the worm.
The worm is severely wounded.
The worm bites you.
* * * LOW HITPOINT WARNING * * *
Unknown command.
You barely miss the worm.
The worm is heavily wounded.
The worm barely misses you.
You hit the worm.
The worm is severely wounded.
You hit the worm.
The worm is severely wounded.
The worm bites you!
You die...

... #.#.# #.# #.#.# #.#
?#.#.# ..#
##########.#.#.# ..#
###.....)>...#.#.# #.# ##
.............#.#.# #.# #.
.......w.....#.#.###.# #.
........@# #.......###.
.....###.###.#.#.........
... #.......#.....######
. #)#.######.....<.. #
#.#......'........##
#.#.######........##
####+#'######........##
#...........#........##
#...........##....#####


You could see a worm.

Vanquished Creatures
  An adder (D:2)
  An ooze (D:1)
  A worm (D:2)
  A dart slug (D:2)
  2 bats (D:2)
  2 giant cockroaches
  4 hobgoblins
  5 kobolds
  A quokka (D:2)
  8 goblins
26 creatures vanquished.

Notes
Turn   | Place    | Note
-------+----------+-------------------------------------------
     0 | Abyss:1  | vatarom the Demonspawn Abyssal Knight began the quest for the Orb.
     0 | Abyss:1  | Reached XP level 1. HP: 18/18 MP: 2/2
    40 | D:1      | Escaped the Abyss
    85 | D:1      | Reached skill level 1 in Dodging
   206 | D:1      | Gained mutation: You sometimes gain a little power by taking damage. [demonic ancestry]
   206 | D:1      | Reached XP level 2. HP: 23/24 MP: 3/3
   507 | D:1      | You fall through a shaft!
   507 | D:2      | Found a sparkling altar of Nemelex Xobeh.
   549 | D:2      | Reached ** piety under Lugonu
   562 | D:2      | Gained mutation: You have sharp fingernails. [demonic ancestry]
   562 | D:2      | Reached XP level 3. HP: 26/29 MP: 3/5
   601 | D:2      | Found a burning altar of Makhleb.
   809 | D:2      | Found a white marble altar of Elyvilon.
   809 | D:2      | Found a deep blue altar of Sif Muna.
  1371 | D:2      | Slain by a worm

Skill      XL: |  1  2  3 |
---------------+----------+-----
Dodging        | 1 |  1.6
Long Blades    | 2 |  2.2
Invocations    | 3 |  3.0
Fighting       | |  3.6
Armour         | |  1.7

Action                   || total
-------------------------++-------
Melee: Falchion          ||    90
  Use: Scroll            ||    10
       Potion            ||     3
  Eat: Bread ration      ||     1
Armor: Leather armour    ||    24
Dodge: Dodged            ||    54
       Rpst.: Falchion   ||    23
